 Dungeon Crawl Stone Soup version 0.27-a0-732-ga892ba84f6 (webtiles) character file.

Game seed: 2371316321548669368

186 rageheart7 the Chopper (level 5, -4/49 HPs)
             Began as a Deep Dwarf Fighter on Mar 23, 2021.
             Slain by an ogre
             ... wielding a +0 giant club
              (10 damage)
             ... on level 4 of the Dungeon.
             The game lasted 00:05:11 (2344 turns).

rageheart7 the Chopper (Deep Dwarf Fighter)         Turns: 2344, Time: 00:05:11

Health: -4/49      AC:  6    Str: 20    XL:     5   Next: 38%
Magic:  3/3        EV:  7    Int:  9    God:
Gold:   144        SH:  9    Dex: 12    Spells: 4/4 levels left

rFire    . . .     SeeInvis .   f - +3 hand axe
rCold    . . .     Faith    .   c - +0 kite shield
rNeg     . . .     Spirit   .   b - +0 scale mail
rPois    .         Reflect  .   (no helmet)
rElec    .         Harm     .   (no cloak)
rCorr    .         Rampage  .   (no gloves)
Will     +....                  (no boots)
Stlth    ..........             (no amulet)
HPRegen  0.00/turn              g - ring of willpower
MPRegen  0.08/turn              (no ring)

@: non-regenerating
A: damage resistance, heal wounds, sense surroundings 1, no regeneration
a: Heal Wounds


You were on level 4 of the Dungeon.
You visited 1 branch of the dungeon, and saw 4 of its levels.

You collected 144 gold pieces.

Inventory:

Hand Weapons
 a - a +0 war axe
 f - a +3 hand axe (weapon)
Armour
 b - a +0 scale mail (worn)
 c - a +0 kite shield (worn)
Jewellery
 g - a ring of willpower (right hand)
Wands
 m - a wand of flame (19)
Potions
 d - a potion of might
 h - a potion of curing
 i - a potion of brilliance
 j - a potion of mutation {unknown}


   Skills:
 * Level 3.5 Fighting
 * Level 5.5 Axes
 - Level 3.2 Armour
 - Level 3.2 Shields


You had 4 spell levels left.
You didn't know any spells.
Your spell library contained the following spells:

 Spells                   Type           Power      Damage    Failure   Level
 Confusing Touch          Hex            0%         N/A       100%        3
 Gell's Gravitas          Tloc           0%         N/A       100%        3
 Petrify                  Tmut/Erth      0%         N/A       100%        4
 Excruciating Wounds      Necr           0%         N/A       100%        5
 Metabolic Englaciation   Hex/Ice        0%         N/A       100%        5
 Yara's Violent Unravell  Hex/Tmut       0%         3d3       100%        5
 Simulacrum               Ice/Necr       0%         N/A       100%        6


Dungeon Overview and Level Annotations

Branches:
Dungeon (4/15)
 Temple: D:4-7

Altars:
Gozag
Qazlal
Trog
Uskayaw
Vehumet
Wu Jian
Xom
Yredelemnul
The Shining One

Annotations:
D:3 1 runed translucent door, HendSelp's ghost, amateur GrFi


Innate Abilities, Weirdness & Mutations

You are resistant to damage.
You can heal yourself by infusing magical energy.
You passively map a small area around you.
You do not regenerate.


Message History

There is a stone staircase leading up here.
Found 21 stones.
You see here 21 stones.
An orc comes into view. It is wielding a +0 flail.
The orc shouts!
An orc is nearby!
An orc is nearby!
You barely miss the orc. You block the orc's attack.
You hit the orc but do no damage. The orc barely misses you.
You slash the orc!
You kill the orc!
You swing at nothing.
Things that are here:
a +0 flail; a +0 leather armour An ogre comes into view.
It is wielding a +0 giant club.
The ogre shouts!
An ogre is nearby!
An ogre is nearby!
You swing at nothing.
You hit the ogre.
The ogre is lightly wounded.
The ogre closely misses you.
You hit the ogre.
The ogre is lightly wounded.
You block the ogre's attack.
You hit the ogre.
The ogre is moderately wounded.
The ogre hits you with a +0 giant club!
* * * LOW HITPOINT WARNING * * *
You block the ogre's attack.
You hit the ogre.
The ogre is heavily wounded.
You block the ogre's attack.
You hit the ogre.
The ogre is heavily wounded.
You block the ogre's attack.
You hit the ogre.
The ogre is severely wounded.
The ogre hits you with a +0 giant club!
You die...

, * * ##### #...# *
###.#.# , * #...#.#
#.#...# ,
#.#.######### .
#.#.......@.#
....###.#########O#
..........######*.#
....##.##.#.(..# .#
.. #.##)#.##.# .# *
##....#.##.##.#
#.......#<....#
#.#######.##### #.,
....


You could see an ogre.

Vanquished Creatures
  An orc priest (D:3)
  Jessica (D:2)
  An orc wizard (D:3)
  3 adders
  A worm (D:2)
  A dart slug (D:2)
  6 orcs
  5 ball pythons
  6 giant cockroaches
  4 goblins
  3 hobgoblins (D:3)
  3 jackals (D:3)
  7 oozes
  5 quokkas
  8 bats
  4 frilled lizards
  4 kobolds
  7 rats
70 creatures vanquished.

Vanquished Creatures (others)
  9 plants (D:2)
  2 withered plants (D:3)
11 creatures vanquished.

Grand Total: 81 creatures vanquished

Notes
Turn   | Place    | Note
-------+----------+-------------------------------------------
     0 | D:1      | rageheart7 the Deep Dwarf Fighter began the quest for the
                  | Orb.
     0 | D:1      | Reached XP level 1. HP: 20/20 MP: 1/1
   135 | D:1      | Reached XP level 2. HP: 28/28 MP: 2/2
   632 | D:2      | Reached skill level 3 in Axes
   682 | D:2      | Reached XP level 3. HP: 27/34 MP: 3/3
   929 | D:2      | Noticed Jessica
   931 | D:2      | Killed Jessica
   932 | D:2      | Reached skill level 4 in Axes
   932 | D:2      | Reached XP level 4. HP: 23/42 MP: 4/4
   953 | D:2      | Found a faded altar of an unknown god.
  1162 | D:2      | Found an ornate altar of the Wu Jian Council.
  1168 | D:2      | Found a basalt altar of Yredelemnul.
  1169 | D:2      | Found a radiant altar of Vehumet.
  1169 | D:2      | Found a stormy altar of Qazlal.
  1169 | D:2      | Found a bloodstained altar of Trog.
  1169 | D:2      | Found a hide-covered altar of Uskayaw.
  1171 | D:2      | Found a shimmering altar of Xom.
  1172 | D:2      | Found an opulent altar of Gozag.
  1226 | D:3      | Found a glowing golden altar of the Shining One.
  1518 | D:3      | Identified Haicw's Disquisition on Black Rites
  1702 | D:3      | Reached skill level 5 in Axes
  1708 | D:3      | Reached XP level 5. HP: 19/49 MP: 4/4
  1883 | D:3      | Found a runed translucent door.
  1883 | D:3      | Noticed HendSelp's ghost (amateur GrFi)
  2337 | D:4      | Noticed an ogre
  2344 | D:4      | Slain by an ogre

Illustrated notes

Levels and vault maps discovered:
D:1:      heliophobic_arrival_dark_side_of_the_moon, layout_rooms
D:2:      layout_loops_ring, minitemple, chequers_ecumenical_altar_grove,
          serial_bayou, serial_bayou_shore_a, serial_bayou_pond_e,
          serial_bayou_lagoon_a, serial_bayou_pond_c, uniq_jessica
D:3:      layout_basic, marbit_many_paths, gammafunk_ghost_grave,
          minmay_ruptured
D:4:      layout_basic, elyvilon_altar_5, kennysheep_little_box, uniq_grinder

Skill      XL: |  1  2  3  4 |
---------------+-------------+-----
Fighting       | 3 |  3.5
Axes           | 3 4 5 |  5.5
Armour         | |  3.2
Shields        | |  3.2

Action                   |  1- 3 |  4- 6 || total
-------------------------+-------+-------++-------
Melee: War axe           |    91 |    88 ||   179
       Hand axe          |       |    17 ||    17
 Abil: Heal Wounds       |       |     2 ||     2
  Use: Scroll            |       |     7 ||     7
Armor: Scale mail        |    34 |    37 ||    71
Dodge: Dodged            |    37 |    33 ||    70
Block: Kite shield       |    61 |    64 ||   125

Table legend: (Time is in decaauts)
 A = Elapsed time spent in this place.
 B = Non-inter-level travel time spent in this place.
 C = Inter-level travel time spent in this place.
 D = Time resting spent in this place.
 E = Time spent auto-exploring this place.
 F = Levels seen in this place.
 G = Mean time per level.
                   A        B        C        D        E       F      G
               +--------+--------+--------+--------+--------+-----+--------+
         Total |   2481 |   2399 |     82 |      3 |   1856 |   4 |  620.2 |
       Dungeon |   2481 |   2399 |     82 |      3 |   1856 |   4 |  620.2 |
               +--------+--------+--------+--------+--------+-----+--------+

Top non-repeatable levels by time:
     D:3: 1128 daAuts
     D:2: 803 daAuts
     D:1: 500 daAuts
     D:4: 50 daAuts
